 Dungeon Crawl Stone Soup version 0.15-a0-1472-ge546950 (webtiles) character file.

151 Amnekian the Cudgeler (level 5, -6/50 HPs)
             Began as an Ogre Death Knight on June 12, 2014.
             Was a Believer of Yredelemnul.
             Mangled by an orc
             ... wielding a +0,+0 trident
              (9 damage)
             ... on Level 4 of the Dungeon on June 13, 2014.
             The game lasted 00:13:31 (2467 turns).

Amnekian the Cudgeler (Ogre Death Knight)           Turns: 2467, Time: 00:13:31

HP  -6/50        AC  7     Str 18      XL: 5   Next: 33%
MP   7/8         EV  9     Int 10      God: Yredelemnul [**....]
Gold 64          SH  0     Dex 10      Spells:  0 memorised,  4 levels left

rFire  . . .     SeeInvis .     a - +1 mace
rCold  . . .     Clarity  .     b - +0 robe
rNeg   . . .     rCorr    .     (shield restricted)
rPois  .         rRot     .     q - +1 hat
rElec  .         Spirit   .     y - +2 cloak
SustAb .         Warding  .     (gloves unavailable)
rMut   .         Stasis   .     (boots unavailable)
Gourm  .                        (no amulet)
MR     .....                    (no ring)
                                (no ring)

@: not resistant to hostile enchantments, very unstealthy
A: unfitting armour, tough skin 1
a: Animate Remains, Recall Undead Slaves, Injury Mirror, Renounce Religion


You were on level 4 of the Dungeon.
You worshipped Yredelemnul.
Yredelemnul was pleased with you.
You were not hungry.

You visited 1 branch of the dungeon, and saw 4 of its levels.

You collected 64 gold pieces.

Inventory:

Hand weapons
 a - a +1,+1 mace (weapon)
Missiles
 g - 58 stones (quivered)
 s - 20 poisoned needles
Armour
 b - a +0 robe (worn)
 q - a +1 hat (worn)
 y - a +2 cloak (worn)
Magical devices
 i - a wand of polymorph (10)
Comestibles
 c - a meat ration
 d - a slice of pizza
 m - 3 fruits
 r - a rotting chunk of orc flesh
Scrolls
 h - a scroll of enchant weapon II {unknown}
 j - a scroll of immolation {unknown}
 n - a scroll of identify {unknown}
 o - a scroll of random uselessness {unknown}
 p - 2 scrolls of teleportation {unknown}
 t - a scroll of noise {unknown}
Jewellery
 k - an uncursed ring of fire {unknown}
Potions
 e - 2 potions of curing {unknown}
 f - a potion of resistance {unknown}
 l - a potion of flight {unknown}
 v - a potion of heal wounds {unknown}
 w - a potion of mutation {unknown}


   Skills:
 - Level 2.6 Fighting
 + Level 7.1 Maces & Flails
 - Level 1.3 Dodging
 - Level 3.0 Invocations


You had 4 spell levels left.
You didn't know any spells.

Dungeon Overview and Level Annotations

Branches:
Dungeon (4/15)
 Temple: D:4-7

Altars:

Annotations:
D:2 exclusion: 2 doors


Innate Abilities, Weirdness & Mutations

You are too large for most types of armour.
You have tough skin (AC +1).


Message History

The orc hits you with a club. The orc hits you with a trident.
The giant gecko bites you.
* * * LOW HITPOINT WARNING * * *
The quokka twitches its whiskers.
The orc hits you with a trident!
* * * LOW HITPOINT WARNING * * *
The giant gecko bites you.
* * * LOW HITPOINT WARNING * * *
The giant gecko misses you. The orc hits you but does no damage.
Unknown command.
The quokka bites you.
* * * LOW HITPOINT WARNING * * *
The quokka closely misses you.
The giant gecko bites you but does no damage.
There is a stone staircase leading up, spattered with blood here.
The giant gecko bites you but does no damage.
The quokka bites you but does no damage.
The orc hits you from afar with a trident!
You die...
Your body rises from the dead as a mindless zombie.

#.........#(#
...#
.#.........).# .#
...........###
...........#
.........((#
..........(#
........oo.#
.....##lr###
..... ##@..#
................!
...............
...####........
.. .........
........ .......
)...... ...


You could see 2 orcs, a giant gecko and a quokka.

Vanquished Creatures
  A hound (D:3)
  An orc wizard (D:3)
  An adder (D:3)
  A giant mite (D:3)
  3 worms
  2 giant geckos
  4 orcs
  6 bats
  4 giant cockroaches
  5 hobgoblins
  3 ball pythons (D:2)
  A giant newt (D:1)
  A goblin (D:4)
  5 jackals
  6 kobolds
  A quokka (D:3)
  12 rats
57 creatures vanquished.

Vanquished Creatures (collateral kills)
  3 orcs (D:3)
  A bat (D:3)
4 creatures vanquished.

Vanquished Creatures (others)
  A bat zombie (D:3)
  A giant mite zombie (D:3)
  A giant gecko zombie (D:4)
  A jackal zombie (D:1)
  A kobold zombie (D:3)
  An orc zombie (D:4)
6 creatures vanquished.

Grand Total: 67 creatures vanquished

Notes
Turn   | Place    | Note
--------------------------------------------------------------
     0 | D:1      | Amnekian, the Ogre Death Knight, began the quest for the Orb.
     0 | D:1      | Reached XP level 1. HP: 22/22 MP: 2/2
   163 | D:1      | Reached XP level 2. HP: 11/29 MP: 3/3
   455 | D:1      | Reached skill level 4 in Maces & Flails
   980 | D:2      | Reached XP level 3. HP: 23/36 MP: 5/5
  1362 | D:2      | Reached skill level 5 in Maces & Flails
  1492 | D:2      | Acquired Yredelemnul's second power
  1795 | D:3      | Reached XP level 4. HP: 40/44 MP: 6/6
  1915 | D:3      | Reached skill level 6 in Maces & Flails
  1959 | D:3      | Upgraded the game from 0.15-a0-1471-g7d01089 to 0.15-a0-1472-ge546950
  2058 | D:3      | Reached XP level 5. HP: 20/50 MP: 8/8
  2322 | D:3      | Reached skill level 7 in Maces & Flails
  2460 | D:4      | HP: 2/50 [quokka (3)]
  2467 | D:4      | Mangled by an orc

Action                   |  1- 3 |  4- 6 || total
-------------------------+-------+-------++-------
Melee: Mace              |   104 |    89 ||   193
Throw: Stone             |     5 |     6 ||    11
Invok: Animate Remains   |     2 |     8 ||    10
Evoke: Wand              |     1 |       ||     1
